 Dungeon Sprint DCSS version 0.29-a0-284-gf9362112df (webtiles) character file.

Game seed: 9013674680457993231

3556 mhtbhm the Slingshot (level 9, -3/59 HPs)
             Began as a Spriggan Hunter on Mar 21, 2022.
             Was a Priest of Qazlal.
             Slain by Edmund
             ... wielding a +2 great mace of freezing
              (15 damage)
             ... in the Dungeon (Sprint III: "The Ten Rune Challenge").
             The game lasted 00:08:40 (2045 turns).

mhtbhm the Slingshot (Spriggan Hunter)              Turns: 2045, Time: 00:08:41

Health: -3/59      AC:  4    Str:  7    XL:     9   Next: 83%
Magic:  11/11      EV: 11    Int: 10    God:    Qazlal [***...]
Gold:   30         SH:  0    Dex: 23    Spells: 8/8 levels left

rFire   + . .      SeeInvis +   a - +1 hunting sling
rCold   + . .      Faith    .   (no shield)
rNeg    . . .      Spirit   .   b - +1 robe {rC+ rF+}
rPois   .          Reflect  .   (helmet restricted)
rElec   .          Harm     .   m - +0 cloak
rCorr   .          Rampage  .   (gloves unavailable)
Will    +....      NoTele   +   (boots unavailable)
Stlth   ++........              (no amulet)
HPRegen 0.19/turn               (no ring)
MPRegen 0.12/turn               (no ring)

@: held, very quick
A: very small, no large weapons, unfitting armour, see invisible, speed 3, low
MP 1, robust 1
a: Renounce Religion, Upheaval, Elemental Force


You were in the Dungeon.
You worshipped Qazlal.
Qazlal was most pleased with you.
You visited 1 branch You collected 30 gold pieces.

Inventory:

Hand Weapons
 a - a +1 hunting sling (weapon)
 j - a +0 short sword
Armour
 b - a +1 robe of resistance (worn)
 m - a +0 cloak (worn)
Wands
 p - a wand of acid (6)
Scrolls
 c - a scroll of immolation
 e - 2 scrolls of torment {unknown}
 l - 3 scrolls of identify {unknown}
Potions
 f - a potion of haste
 g - 2 potions of magic
 h - a potion of berserk rage
 k - 3 potions of lignification {unknown}
 n - 3 potions of flight
 o - 3 potions of mutation
Miscellaneous
 q - a phantom mirror (inert)


   Skills:
 + Level 9.9 Fighting
 + Level 21.9 Slings
 + Level 6.0 Dodging
 - Level 4.4 Stealth
 * Level 2.8 Invocations
 + Level 3.3 Evocations


You had 8 spell levels left.
You didn't know any spells.
Your spell library contained the following spells:

 Spells                   Type           Power      Damage    Failure   Level
 Freeze                   Ice            0%         1d3       36%         1
 Frozen Ramparts          Ice            0%         1d2       75%         3
 Hailstorm                Conj/Ice       0%         3d3       98%         4


Dungeon Overview and Level Annotations

Branches:
Dungeon (1/1)

Altars:
Cheibriados
Dithmenos
Elyvilon
Fedhas
Gozag
Hepliaklqana
Kikubaaqudgha
Makhleb
Nemelex Xobeh
Okawaru
Qazlal
Ru
Sif Muna
Trog
Uskayaw
Vehumet
Wu Jian
Xom
Yredelemnul
Zin
The Shining One
Beogh
Jiyva
Lugonu

Annotations:
D Edmund, Sigmund


Innate Abilities, Weirdness & Mutations

You are very small and have problems with some larger weapons.
You are too small for most types of armour.
You have supernaturally acute eyesight. (SInv)
You cover ground extremely quickly. (Speed+++)
Your magical capacity is low. (-10% MP)
You are robust. (+10% HP)


Message History

* * * LOW HITPOINT WARNING * * *
Unknown command.
Fire: a) +1 hunting sling
Press: ? - help, Q - select action, (/) - cycle Shift-Dir - straight line, f/p - Sigmund
Aim: Sigmund, wielding a +3 scythe of distortion (heavily wounded, 72% to hit)
You shoot a sling bullet.
The sling bullet hits Sigmund but does no damage.
Sigmund is heavily wounded.
Sigmund gestures at you while chanting. The lance of force misses you.
Unknown command.
Blink to where?
Press: ? - help, Dir - move target, p - Sigmund
As you read the scroll of blinking, it crumbles to dust.
Sigmund drops a net on you.
You become entangled in the net!
Unknown command.
Aiming: Corrosive Bolt
Press: ? - help, Shift-Dir - straight line, f - Sigmund
Aim: Sigmund, wielding a +3 scythe of distortion (heavily wounded, 71% to hit)
The bolt of acid hits Sigmund!
The acid corrodes Sigmund!
Sigmund is severely wounded.
Unknown command.
Unknown command.
Unknown command.
Aiming: Corrosive Bolt
Press: ? - help, Shift-Dir - straight line, f/p - Sigmund
Aim: Sigmund, wielding a +3 scythe of distortion (severely wounded, covered in acid, 71% to hit)
The bolt of acid misses Sigmund.
Sigmund closely misses you.
Unknown command.
Unknown command.
Unknown command.
Okay, then.
You struggle against the net.
Edmund hits you with a +2 great mace of freezing!
* * * LOW HITPOINT WARNING * * *
Unknown command.
Unknown command.
You feel better.
Edmund hits you with a +2 great mace of freezing!
You die...

#'#
..#+#####################
..#....#.#.#...[.#......+
.)##.#..#.##.###.#^.....#
..'##.#.#.##.#..##......#
..#...#..#..##..'.^†.^..#
▓▓▓▓▓▓▓▓▓▓▓▓▓▓▓▓#@.^^...#
≈≈........≈≈≈...#@......#
≈≈≈≈≈≈≈≈≈≈≈≈♣♣P§@○^^..^.#
♣♣♣♣♣♣♣♣♣♣♣♣♣♣PP#§....^.#
♣♣♣##'###### ...+ #...#
#.@.# #####


You could see Edmund and Sigmund (corroded).

Vanquished Creatures
  Erolcha (D)
  3 wandering mushrooms (D)
  A shadow (D)
  2 redbacks (D)
  A spatial vortex (D)
  5 two-headed ogres (D)
  A water elemental (D)
  A necrophage (D)
  A jelly (D)
  Crazy Yiuf (D)
  Jessica (D)
  A wizard (D)
  A necromancer (D)
  A kobold demonologist (D)
  3 humans (D)
  2 endoplasms (D)
  A rat (D)
27 creatures vanquished.

Vanquished Creatures (collateral kills)
  A deep elf pyromancer (D)
1 creature vanquished.

Grand Total: 28 creatures vanquished

Notes
Turn   | Place    | Note
-------+----------+-------------------------------------------
     0 | D        | mhtbhm the Spriggan Hunter began the quest for the Orb.
     0 | D        | Reached XP level 1. HP: 10/10 MP: 2/2
     9 | D        | Reached skill level 5 in Slings
    34 | D        | Noticed Jessica
    40 | D        | Killed Jessica
    41 | D        | Reached skill level 8 in Slings
    41 | D        | Reached XP level 2. HP: 15/15 MP: 3/3
    41 | D        | Reached XP level 3. HP: 18/18 MP: 4/4
   124 | D        | Reached skill level 9 in Slings
   240 | D        | Noticed Crazy Yiuf
   272 | D        | Killed Crazy Yiuf
   273 | D        | Reached skill level 10 in Slings
   273 | D        | Reached XP level 4. HP: 23/23 MP: 5/5
   327 | D        | Gained mutation: Your magical capacity is low. (-10% MP)
                  | [potion of mutation]
   327 | D        | Gained mutation: You are robust. (+10% HP) [potion of
                  | mutation]
   347 | D        | Noticed a water elemental
   377 | D        | Killed a water elemental
   378 | D        | Reached skill level 12 in Slings
   378 | D        | Reached XP level 5. HP: 30/30 MP: 5/5
   415 | D        | Found a radiant altar of Vehumet.
   415 | D        | Found a shimmering blue altar of Sif Muna.
   415 | D        | Found an ancient bone altar of Kikubaaqudgha.
   427 | D        | Noticed a rust devil
   429 | D        | Noticed a sun demon
   431 | D        | Reached skill level 13 in Slings
   537 | D        | Found a basalt altar of Yredelemnul.
   537 | D        | Found a shadowy altar of Dithmenos.
   537 | D        | Found a sacrificial altar of Ru.
   636 | D        | Reached skill level 14 in Slings
   636 | D        | Reached XP level 6. HP: 36/36 MP: 6/6
   807 | D        | Noticed a shadow
   846 | D        | Killed a shadow
   847 | D        | Reached skill level 16 in Slings
   905 | D        | Found a blossoming altar of Fedhas.
   905 | D        | Found a stormy altar of Qazlal.
   905 | D        | Found a snail-covered altar of Cheibriados.
   905 | D        | Found a burning altar of Makhleb.
   905 | D        | Found a shimmering altar of Xom.
   905 | D        | Noticed a spatial vortex
   906 | D        | Found a hazy altar of Hepliaklqana.
   906 | D        | Found an opulent altar of Gozag.
   906 | D        | Found a sparkling altar of Nemelex Xobeh.
   906 | D        | Found a corrupted altar of Lugonu.
   906 | D        | Found a viscous altar of Jiyva.
   940 | D        | Killed a spatial vortex
   941 | D        | Reached skill level 5 in Fighting
   941 | D        | Reached XP level 7. HP: 42/42 MP: 7/7
   960 | D        | Became a worshipper of Qazlal Stormbringer
   979 | D        | Found a glowing silver altar of Zin.
   979 | D        | Found a glowing golden altar of the Shining One.
   979 | D        | Found a white marble altar of Elyvilon.
   979 | D        | Noticed a deep elf pyromancer
   985 | D        | Killed a deep elf pyromancer
   986 | D        | Reached skill level 18 in Slings
  1072 | D        | Found a hide-covered altar of Uskayaw.
  1072 | D        | Found an iron altar of Okawaru.
  1072 | D        | Found a bloodstained altar of Trog.
  1072 | D        | Found an ornate altar of the Wu Jian Council.
  1072 | D        | Noticed a human
  1072 | D        | Noticed a human
  1241 | D        | Killed a human
  1242 | D        | Reached XP level 8. HP: 49/49 MP: 8/8
  1251 | D        | Reached * piety under Qazlal
  1252 | D        | Reached skill level 19 in Slings
  1252 | D        | Reached skill level 1 in Evocations
  1353 | D        | Reached skill level 5 in Dodging
  1494 | D        | Noticed a two-headed ogre
  1525 | D        | Killed a two-headed ogre
  1525 | D        | Reached ** piety under Qazlal
  1526 | D        | Reached skill level 20 in Slings
  1585 | D        | Noticed Erolcha
  1585 | D        | Noticed a two-headed ogre
  1605 | D        | Killed Erolcha
  1606 | D        | Reached XP level 9. HP: 18/57 MP: 9/9
  1607 | D        | Killed a two-headed ogre
  1608 | D        | Reached skill level 21 in Slings
  1858 | D        | Reached *** piety under Qazlal
  1951 | D        | Noticed a wandering mushroom
  1959 | D        | Killed a wandering mushroom
  1960 | D        | Reached skill level 1 in Invocations
  1960 | D        | Noticed a wandering mushroom
  1962 | D        | Noticed a wandering mushroom
  1974 | D        | Killed a wandering mushroom
  1989 | D        | Killed a wandering mushroom
  2023 | D        | Noticed Sigmund
  2023 | D        | Noticed Edmund
  2045 | D        | Slain by Edmund

Illustrated notes

Levels and vault maps discovered:
D:        dungeon_sprint_mu [sprint_mu_entry_cave, sprint_mu_temple_rooms,
          sprint_mu_d1_spiders, sprint_mu_d2_genie, sprint_mu_d3_branching,
          sprint_mu_orc_legion, sprint_mu_elf_gauntlet, sprint_mu_hive_nellie,
          sprint_mu_lair_fedhas, sprint_mu_vaults_butterflies,
          sprint_mu_slime_circle, sprint_mu_swamp_cave, sprint_mu_shoals_archi,
          sprint_mu_blade_basic, sprint_mu_crypt_lich, sprint_mu_tomb_spiral,
          sprint_mu_vestibule_basic, sprint_mu_gehenna_hellfire,
          sprint_mu_dis_giant, sprint_mu_tartarus_statrot,
          sprint_mu_cocytus_islands, sprint_mu_zot1]

Skill      XL: |  1  2  3  4  5  6  7  8  9 |
---------------+----------------------------+-----
Slings         | 8 10 12 14 16 18 20 21 | 21.9
Fighting       | 2 3 5 6 8 9 |  9.9
Dodging        | 3 4 5 6 |  6.0
Stealth        | 2 4 |  4.4
Evocations     | 2 3 |  3.3
Invocations    | 2 |  2.8

Action                   |  1- 3 |  4- 6 |  7- 9 || total
-------------------------+-------+-------+-------++-------
 Fire: Hunting sling     |    42 |    69 |   134 ||   245
Evoke: Wand              |       |       |     4 ||     4
       Phantom mirror    |       |       |     3 ||     3
  Use: Potion            |     1 |     1 |     2 ||     4
       Scroll            |       |       |     1 ||     1
Armor: Robe              |       |     1 |       ||     1
Dodge: Dodged            |     6 |     1 |    11 ||    18

Table legend: (Time is in decaauts)
 A = Elapsed time spent in this place.
 B = Non-inter-level travel time spent in this place.
 C = Inter-level travel time spent in this place.
 D = Time resting spent in this place.
 E = Time spent auto-exploring this place.
 F = Levels seen in this place.
 G = Mean time per level.
                   A        B        C        D        E       F      G
               +--------+--------+--------+--------+--------+-----+--------+
         Total |   1675 |   1664 |     11 |    826 |    123 |   1 | 1675.0 |
       Dungeon |   1675 |   1664 |     11 |    826 |    123 |   1 | 1675.0 |
               +--------+--------+--------+--------+--------+-----+--------+

Top non-repeatable levels by time:
       D: 1675 daAuts
